Red Wings vs Canadiens

Created - 12 janvier 2018 at 16:39

Goals
1 2 3 T
Red Wings 1 1 0 2
Canadiens 1 0 3 4
Shots
1 2 3 T
Red Wings 18 8 9 35
Canadiens 16 12 19 47

1st period

1. Canadiens , Chris Kreider 12 (Mitchell Marner 17, Bryan Little 13) at 11:28
2. Red Wings , David Pastrnak 15 (Sam Gagner 14, Paul Martin 6) at 15:45

Penalties :
No Penalty

2nd period

3. Red Wings , John Tavares 24 (Mark Scheifele 32) at 0:08

Penalties :
Connor Murphy (DET) for Interference (Minor) at 9:56, MATHEW BARZAL (MTL) for Tripping (Minor) at 15:42

3rd period

4. Canadiens , Patrick Marleau 15 (MATHEW BARZAL 9) at 1:33
5. Canadiens , Mitchell Marner 12 (Brent Seabrook 15, Patrick Marleau 11) at 17:12 (PP)
6. Canadiens , Max Pacioretty 10 (Jake Muzzin 11) at 18:20

Penalties :
Jake Muzzin (MTL) for Holding (Minor) at 4:37, Cedric Paquette (DET) for Hooking (Minor) at 7:29, Dion Phaneuf (DET) for Hooking (Minor) at 15:23

Goalie Stats

James Reimer (DET), 43 saves from 47 shots - (0,915), L, 15-12-3, 60:00 minutes
Robin Lehner (MTL), 33 saves from 35 shots - (0,943), W, 12-15-3, 60:00 minutes

Players Stats for Red Wings

Player Name              G  A  P  +/- PIM S  H  SB GA TA FO     MP     PP MP  PK MP  
------------------------------------------------------------------------------------
Ben Hutton               0  0  0   0  0   0  1  2  0  0  0/0    15:05   2:21   1:51 
Brandon Dubinsky         0  0  0   0  0   3  4  0  0  0  12/20  17:14   1:55   2:14 
Cedric Paquette          0  0  0   0  2   0  1  1  0  0  0/0     9:20   0:00   2:00 
Christian Djoos          0  0  0   0  0   0  0  0  0  0  0/0    11:37   0:00   0:00 
Connor Murphy            0  0  0  -1  2   1  1  1  0  1  0/0    17:44   0:00   1:57 
David Pastrnak           1  0  1   0  0   5  2  1  0  0  0/0    15:59   2:03   1:00 
Dion Phaneuf             0  0  0   0  2   1  4  5  0  1  0/0    27:10   1:37   1:59 
Jake DeBrusk             0  0  0   0  0   2  0  0  0  0  0/0    10:40   0:00   0:00 
John Carlson             0  0  0  -1  0   4  0  2  1  0  0/0    25:08   2:21   2:56 
John Tavares             1  0  1  -1  0   5  0  1  2  0  17/28  22:14   2:03   0:33 
Lukas Sedlak             0  0  0   0  0   0  1  0  1  0  1/1     7:33   0:00   0:00 
Mark Scheifele           0  1  1  -1  0   4  0  0  2  0  0/0    20:59   2:03   0:00 
Markus Hannikainen       0  0  0   0  0   2  1  0  0  1  0/0     6:35   0:00   0:00 
Matt Nieto               0  0  0   0  0   0  2  1  0  0  0/0    11:39   0:00   0:59 
Nick Bonino              0  0  0   0  0   0  1  2  0  0  5/11   13:44   0:00   3:04 
Oscar Lindberg           0  0  0   0  0   0  0  0  0  0  0/0     1:47   0:00   1:18 
Paul Martin              0  1  1   0  0   1  1  4  0  1  0/0    23:15   1:37   2:51 
Sam Gagner               0  1  1   0  0   6  2  0  0  1  0/0    15:43   1:55   0:26 
Tomas Tatar              0  0  0  -1  0   1  1  0  1  0  2/5    20:44   1:55   0:00 

Players Stats for Canadiens

Player Name              G  A  P  +/- PIM S  H  SB GA TA FO     MP     PP MP  PK MP  
------------------------------------------------------------------------------------
Alexei Emelin            0  0  0  -1  0   0  2  2  0  0  0/0    14:39   0:00   1:23 
Andreas Athanasiou       0  0  0   0  0   2  1  2  1  0  4/12   12:26   0:00   0:21 
Antoine Roussel          0  0  0   0  0   5  0  0  1  2  1/3    14:02   0:00   2:06 
Brent Seabrook           0  1  1   0  0   1  1  0  0  1  0/0    24:02   3:35   0:00 
Brett Pesce              0  0  0   2  0   1  0  0  0  1  0/0    21:03   2:12   2:35 
Bryan Little             0  1  1   1  0   3  0  2  0  0  10/16  15:06   0:00   1:35 
Calvin de Haan           0  0  0  -1  0   0  0  1  0  0  0/0    16:51   2:12   1:23 
Chris Kreider            1  0  1   1  0   6  2  0  1  0  1/1    15:45   2:03   0:00 
Francois Beauchemin      0  0  0   1  0   2  0  0  0  0  0/0    18:53   0:00   2:35 
Jake Muzzin              0  1  1   1  2   1  2  3  0  0  0/0    24:06   3:35   0:00 
MATHEW BARZAL            0  1  1   0  2   3  3  1  0  0  4/15   14:49   1:56   0:11 
Max Pacioretty           1  0  1   0  0   5  2  0  0  1  0/0    15:25   3:44   0:00 
Mitchell Marner          1  1  2   1  0   5  0  0  1  0  0/0    18:15   3:44   0:44 
Nino Niederreiter        0  0  0   0  0   0  2  0  0  0  1/1    13:26   2:03   0:00 
Patrick Marleau          1  1  2   0  0   6  2  0  0  1  2/3    16:53   3:44   0:00 
Reilly Smith             0  0  0   0  0   3  0  0  0  0  0/2    14:35   0:07   0:53 
Ryan Strome              0  0  0   0  0   0  0  0  0  1  5/12   13:32   0:00   2:06 
Sven Baertschi           0  0  0   0  0   4  1  0  1  0  0/0    12:12   0:00   0:00 

3 Stars

1 - Patrick Marleau (MTL)
2 - Mitchell Marner (MTL)
3 - Robin Lehner (MTL)

Power Play

Red Wings - 0 on 2 Attempt(s) - 0,00%
Canadiens - 1 on 3 Attempt(s) - 33,33%

Penalty Kill

Red Wings - 2 on 3 Attempt(s) - 66,67% - Score 0 goal in Penalty Kill
Canadiens - 2 on 2 Attempt(s) - 100,00% - Score 0 goal in Penalty Kill

Team Stat

Red Wings - Hits : 22 - Faceoff Wins : 37 - Blocked Shots : 20 - Penalty Minutes : 6
Canadiens - Hits : 18 - Faceoff Wins : 28 - Blocked Shots : 11 - Penalty Minutes : 4

Official

Referees : Jacob Brenk and Wes McCauley
Linesman : Ryan Gibbons and Darren Gibbs

Game Notes

No Game Note

Finance

Level 1 -- Attendance: 2400 (40,00%) -- Ticket Income 429 600 $
Level 2 -- Attendance: 2784 (55,68%) -- Ticket Income 247 776 $
Level 3 -- Attendance: 983 (49,15%) -- Ticket Income 57 997 $
Level 4 -- Attendance: 1600 (40,00%) -- Ticket Income 78 400 $
Luxury Box -- Attendance: 702 (70,20%) -- Ticket Income 142 506 $
Game was played at the Centurions Coliseum.
Total Attendance: 8469 (47,05%)
Total Ticket Income: 956 279 $
Other Income: 468 577 $
Total Income: 1 424 856 $

Red Wings

5 vs 5 Forward 
   Center                   Left Wing                Right Wing               Time % Phy DF OF 
 1 John Tavares             Tomas Tatar              Mark Scheifele           42     1   2  2  
 2 Brandon Dubinsky         Sam Gagner               David Pastrnak           32     1   2  2  
 3 Nick Bonino              Jake DeBrusk             Matt Nieto               18     1   2  2  
 4 Lukas Sedlak             Markus Hannikainen       Cedric Paquette          8      2   2  1  

5 vs 5 Defense 
   Defense                  Defense                                           Time % Phy DF OF 
 1 John Carlson             Dion Phaneuf                                      40     2   2  1  
 2 Paul Martin              Connor Murphy                                     30     2   2  1  
 3 Christian Djoos          Ben Hutton                                        20     2   2  1  
 4 Paul Martin              Dion Phaneuf                                      10     1   2  2  

PowerPlay Forward 
   Center                   Left Wing                Right Wing               Time % Phy DF OF 
 1 John Tavares             David Pastrnak           Mark Scheifele           60     1   1  3  
 2 Brandon Dubinsky         Sam Gagner               Tomas Tatar              40     1   1  3  

PowerPlay Defense
   Defense                  Defense                                           Time % Phy DF OF 
 1 John Carlson             Ben Hutton                                        60     1   1  3  
 2 Paul Martin              Dion Phaneuf                                      40     1   1  3  

Penalty Kill 4 Players Forward 
   Center                   Wing                     Time % Phy DF OF 
 1 Nick Bonino              Cedric Paquette          60     1   3  1  
 2 Brandon Dubinsky         Matt Nieto               40     1   3  1  

Penalty Kill 4 Players Defense
   Defense                  Defense                  Time % Phy DF OF 
 1 Connor Murphy            Paul Martin              60     1   3  1  
 2 John Carlson             Dion Phaneuf             40     1   3  1  

Penalty Kill - 3 Players Forward 
   Forward                                           Time % Phy DF OF 
 1 Nick Bonino                                       60     1   4  0  
 2 Brandon Dubinsky                                  40     1   4  0  

Penalty Kill - 3 Players Defense
   Defense                  Defense                  Time % Phy DF OF 
 1 Connor Murphy            Paul Martin              60     1   4  0  
 2 John Carlson             Dion Phaneuf             40     1   4  0  

4 vs 4 Forward 
   Center                   Wing                     Time % Phy DF OF 
 1 John Tavares             David Pastrnak           60     1   2  2  
 2 Nick Bonino              Mark Scheifele           40     1   2  2  

4 vs 4 Defense
   Defense                  Defense                  Time % Phy DF OF 
 1 Dion Phaneuf             John Carlson             60     1   2  2  
 2 Christian Djoos          Connor Murphy            40     1   2  2  

Last Minutes Offensive
   Center                   Left Wing                Right Wing               Defense                  Defense                  
   John Tavares             David Pastrnak           Mark Scheifele           Dion Phaneuf             John Carlson             

Last Minutes Defensive
   Center                   Left Wing                Right Wing               Defense                  Defense                  
   Nick Bonino              Brandon Dubinsky         Matt Nieto               Dion Phaneuf             John Carlson             

Goaltenders
Starting : James Reimer             
Backup : Anders Nilsson           

Extra Forwards
Normal : John Tavares, Lukas Sedlak, Oscar Lindberg - PP : John Tavares, David Pastrnak - PK : Oscar Lindberg
Extra Defensemen
Normal : Connor Murphy, Christian Djoos, Ben Hutton - PP : Connor Murphy - PK : Connor Murphy, Ben Hutton
Penalty Shots
Nick Bonino, John Tavares, David Pastrnak, Tomas Tatar, Mark Scheifele
Custom OT Lines Forwards
John Tavares, David Pastrnak, Mark Scheifele, Cedric Paquette, Brandon Dubinsky, Tomas Tatar, Nick Bonino, Matt Nieto, Markus Hannikainen, Jake DeBrusk
Custom OT Lines Defensemen
Ben Hutton, Dion Phaneuf, John Carlson, Connor Murphy, Christian Djoos

Scratches
Bryce Van Brabant (Healthy), Joseph Blandisi (Left Knee Injury), Michael Zalewski (Healthy), Ryan Johnston (Healthy)

Canadiens

5 vs 5 Forward 
   Center                   Left Wing                Right Wing               Time % Phy DF OF 
 1 Bryan Little             Chris Kreider            Mitchell Marner          29     0   2  3  
 2 MATHEW BARZAL            Reilly Smith             Patrick Marleau          29     0   2  3  
 3 Ryan Strome              Max Pacioretty           Nino Niederreiter        25     0   2  3  
 4 Andreas Athanasiou       Antoine Roussel          Sven Baertschi           17     0   2  3  

5 vs 5 Defense 
   Defense                  Defense                                           Time % Phy DF OF 
 1 Brent Seabrook           Francois Beauchemin                               32     0   3  2  
 2 Jake Muzzin              Brett Pesce                                       32     0   3  2  
 3 Alexei Emelin            Calvin de Haan                                    25     0   3  2  
 4 Brent Seabrook           Jake Muzzin                                       11     0   3  2  

PowerPlay Forward 
   Center                   Left Wing                Right Wing               Time % Phy DF OF 
 1 Patrick Marleau          Max Pacioretty           Mitchell Marner          50     0   1  4  
 2 MATHEW BARZAL            Chris Kreider            Nino Niederreiter        50     0   1  4  

PowerPlay Defense
   Defense                  Defense                                           Time % Phy DF OF 
 1 Brent Seabrook           Jake Muzzin                                       50     0   2  3  
 2 Brett Pesce              Calvin de Haan                                    50     0   2  3  

Penalty Kill 4 Players Forward 
   Center                   Wing                     Time % Phy DF OF 
 1 Ryan Strome              Antoine Roussel          60     0   4  1  
 2 Bryan Little             Reilly Smith             40     0   4  1  

Penalty Kill 4 Players Defense
   Defense                  Defense                  Time % Phy DF OF 
 1 Brett Pesce              Francois Beauchemin      60     0   5  0  
 2 Alexei Emelin            Calvin de Haan           40     0   5  0  

Penalty Kill - 3 Players Forward 
   Forward                                           Time % Phy DF OF 
 1 Antoine Roussel                                   50     0   5  0  
 2 Reilly Smith                                      50     0   5  0  

Penalty Kill - 3 Players Defense
   Defense                  Defense                  Time % Phy DF OF 
 1 Brent Seabrook           Francois Beauchemin      50     0   5  0  
 2 Calvin de Haan           Alexei Emelin            50     0   5  0  

4 vs 4 Forward 
   Center                   Wing                     Time % Phy DF OF 
 1 Patrick Marleau          Chris Kreider            50     0   2  3  
 2 Max Pacioretty           Nino Niederreiter        50     0   2  3  

4 vs 4 Defense
   Defense                  Defense                  Time % Phy DF OF 
 1 Brent Seabrook           Calvin de Haan           50     0   3  2  
 2 Jake Muzzin              Brett Pesce              50     0   3  2  

Last Minutes Offensive
   Center                   Left Wing                Right Wing               Defense                  Defense                  
   Patrick Marleau          Mitchell Marner          Chris Kreider            Brent Seabrook           Jake Muzzin              

Last Minutes Defensive
   Center                   Left Wing                Right Wing               Defense                  Defense                  
   Bryan Little             Antoine Roussel          Reilly Smith             Francois Beauchemin      Brent Seabrook           

Goaltenders
Starting : Robin Lehner             
Backup : Brian Elliott            

Extra Forwards
Normal : Reilly Smith, Ryan Strome, Sven Baertschi - PP : Reilly Smith, Ryan Strome - PK : MATHEW BARZAL
Extra Defensemen
Normal : Calvin de Haan, Brett Pesce, Francois Beauchemin - PP : Calvin de Haan - PK : Brett Pesce, Francois Beauchemin
Penalty Shots
Antoine Roussel, Mitchell Marner, Brent Seabrook, MATHEW BARZAL, Patrick Marleau
Custom OT Lines Forwards
Bryan Little, MATHEW BARZAL, Max Pacioretty, Mitchell Marner, Chris Kreider, Patrick Marleau, Nino Niederreiter, Reilly Smith, Ryan Strome, Sven Baertschi
Custom OT Lines Defensemen
Brent Seabrook, Jake Muzzin, Brett Pesce, Calvin de Haan, Francois Beauchemin

Scratches
Steve Ott (Healthy), Taylor Chorney (Healthy), Taylor Beck (Healthy)

% Time on Ice - Red Wings

Lines # - Real PCT - Wanted PCT - Time Play
Normal Forward
1 - 41% - 42% - 20:24
2 - 25% - 32% - 12:36
3 - 21% - 18% - 10:40
4 - 13% - 8% - 6:35
Normal Defense
1 - 41% - 40% - 20:37
2 - 32% - 30% - 15:51
3 - 22% - 20% - 10:53
4 - 6% - 10% - 2:54
PP Forward
1 - 52% - 60% - 2:03
2 - 48% - 40% - 1:55
PP Defense
1 - 59% - 60% - 2:21
2 - 41% - 40% - 1:37
PK Forward
1 - 83% - 60% - 4:48
2 - 17% - 40% - 0:59
PK Defense
1 - 50% - 60% - 2:55
2 - 50% - 40% - 2:52
PK3 Forward
1 - 0% - 60%
2 - 0% - 40%
PK3 Defense
1 - 0% - 60%
2 - 0% - 40%
44 Forward
1 - 0% - 60%
2 - 0% - 40%
44 Defense
1 - 0% - 60%
2 - 0% - 40%
Last Minute Offensive  - 0:00
Last Minute Defensive  - 0:00
Total
Forward - 60:00
Defense - 60:00

% Time on Ice - Canadiens

Lines # - Real PCT - Wanted PCT - Time Play
Normal Forward
1 - 29% - 29% - 14:33
2 - 25% - 29% - 12:36
3 - 22% - 25% - 11:10
4 - 24% - 17% - 11:56
Normal Defense
1 - 34% - 32% - 16:52
2 - 33% - 32% - 16:22
3 - 25% - 25% - 12:47
4 - 8% - 11% - 4:14
PP Forward
1 - 65% - 50% - 3:44
2 - 35% - 50% - 2:03
PP Defense
1 - 62% - 50% - 3:35
2 - 38% - 50% - 2:12
PK Forward
1 - 78% - 60% - 3:05
2 - 22% - 40% - 0:53
PK Defense
1 - 65% - 60% - 2:35
2 - 35% - 40% - 1:23
PK3 Forward
1 - 0% - 50%
2 - 0% - 50%
PK3 Defense
1 - 0% - 50%
2 - 0% - 50%
44 Forward
1 - 0% - 50%
2 - 0% - 50%
44 Defense
1 - 0% - 50%
2 - 0% - 50%
Last Minute Offensive  - 0:00
Last Minute Defensive  - 0:00
Total
Forward - 60:00
Defense - 60:00

Play by Play

1st period


0:01 of 1st period - Bryan Little wins face-off versus John Tavares in neutral zone.
0:42 of 1st period - Icing by Dion Phaneuf.
0:43 of 1st period - Brandon Dubinsky wins face-off versus Ryan Strome in Red Wings zone.
0:58 of 1st period - John Carlson is hit by Alexei Emelin and loses puck.
1:28 of 1st period - Jake Muzzin is hit by Markus Hannikainen and loses puck.
2:15 of 1st period - Wrist shot by Mark Scheifele.
2:15 of 1st period - Shot Misses the Net.
2:17 of 1st period - Snap shot by Mark Scheifele.
2:17 of 1st period - Deflect By Tomas Tatar.
2:17 of 1st period - Stopped by Robin Lehner without a rebound.
2:18 of 1st period - Andreas Athanasiou wins face-off versus Tomas Tatar in Canadiens zone.
3:01 of 1st period - Wrist shot by Reilly Smith.
3:01 of 1st period - Stopped by James Reimer with a rebound.
4:00 of 1st period - Off-side.
4:01 of 1st period - Brandon Dubinsky wins face-off versus MATHEW BARZAL in neutral zone.
4:11 of 1st period - Wrist shot by Patrick Marleau.
4:11 of 1st period - Shot Blocked by Dion Phaneuf.
4:13 of 1st period - Snap shot by MATHEW BARZAL.
4:13 of 1st period - Stopped by James Reimer without a rebound.
4:14 of 1st period - John Tavares wins face-off versus Ryan Strome in Red Wings zone.
4:39 of 1st period - Bryan Little is hit by Brandon Dubinsky and loses puck.
4:56 of 1st period - Mitchell Marner is hit by Sam Gagner and loses puck.
5:41 of 1st period - Snap shot by Max Pacioretty.
5:41 of 1st period - Shot Misses the Net.
5:59 of 1st period - Wrist shot by MATHEW BARZAL.
5:59 of 1st period - Shot Misses the Net.
6:20 of 1st period - Icing by Alexei Emelin.
6:21 of 1st period - John Tavares wins face-off versus Andreas Athanasiou in Canadiens zone.
7:18 of 1st period - Brent Seabrook is hit by Brandon Dubinsky and loses puck.
7:38 of 1st period - Brett Pesce is hit by Matt Nieto and loses puck.
8:15 of 1st period - Slapshot by Max Pacioretty.
8:15 of 1st period - Stopped by James Reimer with a rebound.
8:17 of 1st period - Slapshot by Jake Muzzin.
8:17 of 1st period - Shot Blocked by Paul Martin.
8:19 of 1st period - Wrist shot by Bryan Little.
8:19 of 1st period - Shot Blocked by Connor Murphy.
8:21 of 1st period - Snap shot by Brett Pesce.
8:21 of 1st period - Deflect By Chris Kreider.
8:21 of 1st period - Stopped by James Reimer with a rebound.
8:23 of 1st period - Slapshot by Brett Pesce.
8:23 of 1st period - Shot Blocked by Cedric Paquette.
9:00 of 1st period - Icing by Mark Scheifele.
9:01 of 1st period - Tomas Tatar wins face-off versus Bryan Little in Red Wings zone.
9:24 of 1st period - Icing by Calvin de Haan.
9:25 of 1st period - MATHEW BARZAL wins face-off versus Brandon Dubinsky in Canadiens zone.
9:32 of 1st period - Brandon Dubinsky is hit by Alexei Emelin and loses puck.
9:39 of 1st period - Snap shot by David Pastrnak.
9:39 of 1st period - Stopped by Robin Lehner without a rebound.
9:40 of 1st period - John Tavares wins face-off versus Ryan Strome in Canadiens zone.
9:43 of 1st period - Wrist shot by Mark Scheifele.
9:43 of 1st period - Stopped by Robin Lehner with a rebound.
9:49 of 1st period - Slapshot by Nino Niederreiter.
9:49 of 1st period - Deflect By Max Pacioretty.
9:49 of 1st period - Stopped by James Reimer with a rebound.
9:51 of 1st period - Slapshot by Ryan Strome.
9:51 of 1st period - Shot Blocked by Dion Phaneuf.
10:14 of 1st period - Snap shot by Sam Gagner.
10:14 of 1st period - Deflect By David Pastrnak.
10:14 of 1st period - Stopped by Robin Lehner with a rebound.
10:30 of 1st period - Nick Bonino is hit by Chris Kreider.
11:14 of 1st period - Wrist shot by Antoine Roussel.
11:14 of 1st period - Stopped by James Reimer with a rebound.
11:16 of 1st period - Slapshot by Calvin de Haan.
11:16 of 1st period - Shot Misses the Net.
11:18 of 1st period - Snap shot by Antoine Roussel.
11:18 of 1st period - Shot Misses the Net.
11:20 of 1st period - Slapshot by Antoine Roussel.
11:20 of 1st period - Stopped by James Reimer without a rebound.
11:21 of 1st period - Bryan Little wins face-off versus Tomas Tatar in Red Wings zone.
11:26 of 1st period - Snap shot by Chris Kreider.
11:26 of 1st period - Shot Misses the Net.
11:28 of 1st period - Wrist shot by Chris Kreider.
11:28 of 1st period - Goal by Chris Kreider - Red Wings : 0 - Canadiens : 1.
11:29 of 1st period - Brandon Dubinsky wins face-off versus MATHEW BARZAL in neutral zone.
11:34 of 1st period - Slapshot by Sam Gagner.
11:34 of 1st period - Stopped by Robin Lehner with a rebound.
11:36 of 1st period - Snap shot by David Pastrnak.
11:36 of 1st period - Shot Blocked by Jake Muzzin.
11:38 of 1st period - Slapshot by Dion Phaneuf.
11:38 of 1st period - Stopped by Robin Lehner without a rebound.
11:39 of 1st period - Brandon Dubinsky wins face-off versus MATHEW BARZAL in Canadiens zone.
11:42 of 1st period - Slapshot by Sam Gagner.
11:42 of 1st period - Stopped by Robin Lehner with a rebound.
11:44 of 1st period - Slapshot by Paul Martin.
11:44 of 1st period - Shot Misses the Net.
11:46 of 1st period - Snap shot by Dion Phaneuf.
11:46 of 1st period - Shot Blocked by MATHEW BARZAL.
11:48 of 1st period - Wrist shot by Brandon Dubinsky.
11:48 of 1st period - Stopped by Robin Lehner with a rebound.
11:50 of 1st period - Wrist shot by Brandon Dubinsky.
11:50 of 1st period - Shot Misses the Net.
11:52 of 1st period - Snap shot by Sam Gagner.
11:52 of 1st period - Shot Misses the Net.
11:54 of 1st period - Snap shot by Brandon Dubinsky.
11:54 of 1st period - Stopped by Robin Lehner without a rebound.
11:55 of 1st period - Bryan Little wins face-off versus Tomas Tatar in Canadiens zone.
12:06 of 1st period - Wrist shot by Tomas Tatar.
12:06 of 1st period - Shot Misses the Net.
12:08 of 1st period - Snap shot by Mark Scheifele.
12:08 of 1st period - Stopped by Robin Lehner without a rebound.
12:09 of 1st period - Ryan Strome wins face-off versus John Tavares in Canadiens zone.
12:34 of 1st period - Mitchell Marner is hit by Brandon Dubinsky and loses puck.
13:47 of 1st period - Snap shot by Max Pacioretty.
13:47 of 1st period - Deflect By Mark Scheifele.
13:47 of 1st period - Stopped by James Reimer without a rebound.
13:48 of 1st period - Brandon Dubinsky wins face-off versus Bryan Little in Red Wings zone.
13:57 of 1st period - Slapshot by David Pastrnak.
13:57 of 1st period - Deflect By Sam Gagner.
13:57 of 1st period - Stopped by Robin Lehner without a rebound.
13:58 of 1st period - Bryan Little wins face-off versus Brandon Dubinsky in Canadiens zone.
14:15 of 1st period - Snap shot by Sam Gagner.
14:15 of 1st period - Stopped by Robin Lehner with a rebound.
14:31 of 1st period - Wrist shot by Sam Gagner.
14:31 of 1st period - Stopped by Robin Lehner with a rebound.
14:33 of 1st period - Slapshot by Brandon Dubinsky.
14:33 of 1st period - Shot Misses the Net.
14:35 of 1st period - Snap shot by Brandon Dubinsky.
14:35 of 1st period - Stopped by Robin Lehner with a rebound.
14:37 of 1st period - Slapshot by Dion Phaneuf.
14:37 of 1st period - Shot Blocked by Bryan Little.
14:39 of 1st period - Snap shot by John Carlson.
14:39 of 1st period - Stopped by Robin Lehner without a rebound.
14:40 of 1st period - John Tavares wins face-off versus MATHEW BARZAL in Canadiens zone.
14:45 of 1st period - Wrist shot by Tomas Tatar.
14:45 of 1st period - Deflect By Mark Scheifele.
14:45 of 1st period - Shot Misses the Net.
14:45 of 1st period - Puck is out of play.
14:46 of 1st period - MATHEW BARZAL wins face-off versus John Tavares in Canadiens zone.
14:50 of 1st period - Off-side.
14:51 of 1st period - Ryan Strome wins face-off versus John Tavares in neutral zone.
15:18 of 1st period - Ryan Strome is hit by Dion Phaneuf and loses puck.
15:45 of 1st period - Wrist shot by David Pastrnak.
15:45 of 1st period - Deflect By Calvin de Haan.
15:45 of 1st period - Goal by David Pastrnak - Red Wings : 1 - Canadiens : 1.
15:46 of 1st period - John Tavares wins face-off versus MATHEW BARZAL in neutral zone.
15:56 of 1st period - Icing by Jake Muzzin.
15:57 of 1st period - John Tavares wins face-off versus MATHEW BARZAL in Canadiens zone.
16:20 of 1st period - Slapshot by Patrick Marleau.
16:20 of 1st period - Stopped by James Reimer with a rebound.
16:22 of 1st period - Snap shot by MATHEW BARZAL.
16:22 of 1st period - Deflect By Reilly Smith.
16:22 of 1st period - Shot Misses the Net.
16:22 of 1st period - Puck is out of play.
16:23 of 1st period - Bryan Little wins face-off versus Brandon Dubinsky in Red Wings zone.
16:29 of 1st period - Icing by Connor Murphy.
16:30 of 1st period - Brandon Dubinsky wins face-off versus Bryan Little in Red Wings zone.
16:37 of 1st period - Brandon Dubinsky is hit by Chris Kreider and loses puck.
16:46 of 1st period - Snap shot by David Pastrnak.
16:46 of 1st period - Shot Misses the Net.
17:10 of 1st period - Snap shot by Chris Kreider.
17:10 of 1st period - Shot Hit the Post.
17:12 of 1st period - Snap shot by Bryan Little.
17:12 of 1st period - Shot Misses the Net.
17:14 of 1st period - Slapshot by Brent Seabrook.
17:14 of 1st period - Stopped by James Reimer with a rebound.
17:16 of 1st period - Slapshot by Francois Beauchemin.
17:16 of 1st period - Deflect By Bryan Little.
17:16 of 1st period - Stopped by James Reimer with a rebound.
17:18 of 1st period - Backhand shot by Mitchell Marner.
17:18 of 1st period - Shot Blocked by Paul Martin.
17:34 of 1st period - Wrist shot by Mitchell Marner.
17:34 of 1st period - Stopped by James Reimer with a rebound.
17:36 of 1st period - Snap shot by Chris Kreider.
17:36 of 1st period - Shot Blocked by Paul Martin.
17:38 of 1st period - Snap shot by Francois Beauchemin.
17:38 of 1st period - Shot Blocked by Matt Nieto.
17:40 of 1st period - Slapshot by Brent Seabrook.
17:40 of 1st period - Shot Blocked by Paul Martin.
17:42 of 1st period - Wrist shot by Mitchell Marner.
17:42 of 1st period - Stopped by James Reimer with a rebound.
17:44 of 1st period - Snap shot by Bryan Little.
17:44 of 1st period - Shot Misses the Net.
17:46 of 1st period - Wrist shot by Francois Beauchemin.
17:46 of 1st period - Stopped by James Reimer with a rebound.
17:50 of 1st period - Snap shot by Chris Kreider.
17:50 of 1st period - Stopped by James Reimer without a rebound.
17:51 of 1st period - John Tavares wins face-off versus MATHEW BARZAL in Red Wings zone.
17:51 of 1st period - John Tavares is hit by Jake Muzzin.
19:15 of 1st period - Slapshot by Sam Gagner.
19:15 of 1st period - Stopped by Robin Lehner without a rebound.
19:16 of 1st period - Brandon Dubinsky wins face-off versus Ryan Strome in Canadiens zone.
19:41 of 1st period - Reilly Smith is hit by Tomas Tatar and loses puck.
19:54 of 1st period - Slapshot by John Tavares.
19:54 of 1st period - Stopped by Robin Lehner without a rebound.
19:55 of 1st period - Andreas Athanasiou wins face-off versus Nick Bonino in Canadiens zone.
Goals for this period are 1 for Red Wings vs 1 for Canadiens.
Shots for this period are 18 for Red Wings vs 16 for Canadiens.

2nd period


0:01 of 2nd period - John Tavares wins face-off versus Patrick Marleau in neutral zone.
0:08 of 2nd period - Snap shot by John Tavares.
0:08 of 2nd period - Goal by John Tavares - Red Wings : 2 - Canadiens : 1.
0:09 of 2nd period - MATHEW BARZAL wins face-off versus John Tavares in neutral zone.
0:46 of 2nd period - Wrist shot by David Pastrnak.
0:46 of 2nd period - Deflect By Brent Seabrook.
0:46 of 2nd period - Shot Misses the Net.
0:46 of 2nd period - Puck is out of play.
0:47 of 2nd period - Brandon Dubinsky wins face-off versus Antoine Roussel in Canadiens zone.
0:48 of 2nd period - Snap shot by Sam Gagner.
0:48 of 2nd period - Shot Blocked by Calvin de Haan.
0:54 of 2nd period - Wrist shot by Antoine Roussel.
0:54 of 2nd period - Stopped by James Reimer without a rebound.
0:55 of 2nd period - Brandon Dubinsky wins face-off versus Andreas Athanasiou in Red Wings zone.
1:05 of 2nd period - Icing by Sven Baertschi.
1:06 of 2nd period - Antoine Roussel wins face-off versus John Tavares in Canadiens zone.
1:52 of 2nd period - Icing by Paul Martin.
1:53 of 2nd period - MATHEW BARZAL wins face-off versus Nick Bonino in Red Wings zone.
2:06 of 2nd period - Wrist shot by Dion Phaneuf.
2:06 of 2nd period - Shot Misses the Net.
2:08 of 2nd period - Slapshot by Paul Martin.
2:08 of 2nd period - Shot Misses the Net.
2:44 of 2nd period - Snap shot by Max Pacioretty.
2:44 of 2nd period - Shot Misses the Net.
2:50 of 2nd period - Sam Gagner is hit by Max Pacioretty and loses puck.
3:09 of 2nd period - Snap shot by Max Pacioretty.
3:09 of 2nd period - Stopped by James Reimer without a rebound.
3:10 of 2nd period - Bryan Little wins face-off versus John Tavares in Red Wings zone.
3:15 of 2nd period - Wrist shot by Chris Kreider.
3:15 of 2nd period - Shot Misses the Net.
3:17 of 2nd period - Snap shot by Francois Beauchemin.
3:17 of 2nd period - Shot Blocked by Dion Phaneuf.
3:19 of 2nd period - Slapshot by Brent Seabrook.
3:19 of 2nd period - Shot Blocked by John Tavares.
3:21 of 2nd period - Slapshot by Francois Beauchemin.
3:21 of 2nd period - Stopped by James Reimer with a rebound.
3:35 of 2nd period - Francois Beauchemin is hit by Dion Phaneuf.
3:45 of 2nd period - Snap shot by Reilly Smith.
3:45 of 2nd period - Shot Blocked by Dion Phaneuf.
4:40 of 2nd period - Ben Hutton is hit by Brent Seabrook and loses puck.
4:56 of 2nd period - Off-side.
4:57 of 2nd period - Lukas Sedlak wins face-off versus Reilly Smith in neutral zone.
5:00 of 2nd period - Reilly Smith is hit by Paul Martin and loses puck.
6:06 of 2nd period - Christian Djoos is hit by Max Pacioretty and loses puck.
6:33 of 2nd period - Snap shot by Markus Hannikainen.
6:33 of 2nd period - Stopped by Robin Lehner with a rebound.
6:35 of 2nd period - Slapshot by John Carlson.
6:35 of 2nd period - Stopped by Robin Lehner with a rebound.
7:42 of 2nd period - Snap shot by Jake DeBrusk.
7:42 of 2nd period - Stopped by Robin Lehner with a rebound.
8:38 of 2nd period - Slapshot by Sven Baertschi.
8:38 of 2nd period - Stopped by James Reimer with a rebound.
8:42 of 2nd period - Wrist shot by Antoine Roussel.
8:42 of 2nd period - Shot Blocked by Ben Hutton.
8:44 of 2nd period - Slapshot by Antoine Roussel.
8:44 of 2nd period - Shot Misses the Net.
9:15 of 2nd period - Brent Seabrook is hit by Cedric Paquette.
9:56 of 2nd period - Minor Penalty to Connor Murphy for Interference.
9:57 of 2nd period - Patrick Marleau wins face-off versus Nick Bonino in Red Wings zone.
10:00 of 2nd period - Wrist shot by Mitchell Marner.
10:00 of 2nd period - Shot Misses the Net.
10:02 of 2nd period - Slapshot by Mitchell Marner.
10:02 of 2nd period - Stopped by James Reimer with a rebound.
10:04 of 2nd period - Wrist shot by Mitchell Marner.
10:04 of 2nd period - Shot Blocked by Dion Phaneuf.
10:06 of 2nd period - Wrist shot by Mitchell Marner.
10:06 of 2nd period - Stopped by James Reimer with a rebound.
10:08 of 2nd period - Snap shot by Max Pacioretty.
10:08 of 2nd period - Shot Misses the Net.
10:10 of 2nd period - Snap shot by Max Pacioretty.
10:10 of 2nd period - Shot Blocked by Nick Bonino.
10:30 of 2nd period - John Carlson is hit by MATHEW BARZAL and loses puck.
11:55 of 2nd period - Nino Niederreiter is hit by David Pastrnak and loses puck.
11:56 of 2nd period - Penalty to Connor Murphy is over, Connor Murphy is back on ice.
12:06 of 2nd period - Slapshot by David Pastrnak.
12:06 of 2nd period - Shot Misses the Net.
12:08 of 2nd period - Slapshot by Connor Murphy.
12:08 of 2nd period - Deflect By Jake Muzzin.
12:08 of 2nd period - Stopped by Robin Lehner without a rebound.
12:09 of 2nd period - John Tavares wins face-off versus Andreas Athanasiou in Canadiens zone.
12:22 of 2nd period - Snap shot by John Tavares.
12:22 of 2nd period - Stopped by Robin Lehner with a rebound.
12:24 of 2nd period - Wrist shot by Paul Martin.
12:24 of 2nd period - Stopped by Robin Lehner with a rebound.
12:36 of 2nd period - Brandon Dubinsky is hit by Patrick Marleau and loses puck.
12:59 of 2nd period - Slapshot by Jake DeBrusk.
12:59 of 2nd period - Stopped by Robin Lehner without a rebound.
13:00 of 2nd period - John Tavares wins face-off versus Andreas Athanasiou in Canadiens zone.
13:07 of 2nd period - Snap shot by Sven Baertschi.
13:07 of 2nd period - Deflect By Andreas Athanasiou.
13:07 of 2nd period - Stopped by James Reimer without a rebound.
13:08 of 2nd period - John Tavares wins face-off versus Andreas Athanasiou in Red Wings zone.
13:08 of 2nd period - John Tavares is hit by Sven Baertschi.
13:56 of 2nd period - Snap shot by Andreas Athanasiou.
13:56 of 2nd period - Shot Misses the Net.
13:58 of 2nd period - Slapshot by Brett Pesce.
13:58 of 2nd period - Stopped by James Reimer with a rebound.
14:00 of 2nd period - Snap shot by Sven Baertschi.
14:00 of 2nd period - Stopped by James Reimer without a rebound.
14:01 of 2nd period - Bryan Little wins face-off versus Brandon Dubinsky in Red Wings zone.
14:08 of 2nd period - Wrist shot by Chris Kreider.
14:08 of 2nd period - Stopped by James Reimer with a rebound.
14:10 of 2nd period - Snap shot by Bryan Little.
14:10 of 2nd period - Stopped by James Reimer with a rebound.
14:12 of 2nd period - Slapshot by Chris Kreider.
14:12 of 2nd period - Shot Blocked by David Pastrnak.
14:14 of 2nd period - Snap shot by Chris Kreider.
14:14 of 2nd period - Deflect By Bryan Little.
14:14 of 2nd period - Stopped by James Reimer with a rebound.
14:37 of 2nd period - Wrist shot by Nick Bonino.
14:37 of 2nd period - Shot Blocked by Alexei Emelin.
15:03 of 2nd period - Calvin de Haan is hit by Ben Hutton and loses puck.
15:42 of 2nd period - Minor Penalty to MATHEW BARZAL for Tripping.
15:43 of 2nd period - Ryan Strome wins face-off versus John Tavares in Canadiens zone.
15:43 of 2nd period - Ryan Strome is hit by Dion Phaneuf.
16:21 of 2nd period - Francois Beauchemin is hit by David Pastrnak and loses puck.
17:21 of 2nd period - Wrist shot by John Tavares.
17:21 of 2nd period - Shot Blocked by Alexei Emelin.
17:42 of 2nd period - Penalty to MATHEW BARZAL is over, MATHEW BARZAL is back on ice.
17:49 of 2nd period - Snap shot by Reilly Smith.
17:49 of 2nd period - Shot Blocked by Nick Bonino.
19:19 of 2nd period - Icing by John Carlson.
19:20 of 2nd period - Andreas Athanasiou wins face-off versus Nick Bonino in Red Wings zone.
19:21 of 2nd period - Backhand shot by Sven Baertschi.
19:21 of 2nd period - Shot Misses the Net.
19:24 of 2nd period - Icing by Dion Phaneuf.
19:25 of 2nd period - Nick Bonino wins face-off versus Antoine Roussel in Red Wings zone.
19:32 of 2nd period - Sven Baertschi is hit by Matt Nieto and loses puck.
19:41 of 2nd period - Brent Seabrook is hit by Nick Bonino and loses puck.
19:48 of 2nd period - Snap shot by Nick Bonino.
19:48 of 2nd period - Shot Blocked by Andreas Athanasiou.
Goals for this period are 1 for Red Wings vs 0 for Canadiens.
Shots for this period are 8 for Red Wings vs 12 for Canadiens.

3rd period


0:01 of 3rd period - John Tavares wins face-off versus Bryan Little in neutral zone.
0:56 of 3rd period - Snap shot by MATHEW BARZAL.
0:56 of 3rd period - Stopped by James Reimer with a rebound.
0:58 of 3rd period - Snap shot by Francois Beauchemin.
0:58 of 3rd period - Deflect By Patrick Marleau.
0:58 of 3rd period - Stopped by James Reimer without a rebound.
0:59 of 3rd period - Chris Kreider wins face-off versus John Tavares in Red Wings zone.
1:29 of 3rd period - Slapshot by MATHEW BARZAL.
1:29 of 3rd period - Stopped by James Reimer with a rebound.
1:33 of 3rd period - Wrist shot by Patrick Marleau.
1:33 of 3rd period - Goal by Patrick Marleau - Red Wings : 2 - Canadiens : 2.
1:34 of 3rd period - John Tavares wins face-off versus Bryan Little in neutral zone.
2:00 of 3rd period - John Tavares is hit by Patrick Marleau and loses puck.
2:23 of 3rd period - Off-side.
2:24 of 3rd period - Brandon Dubinsky wins face-off versus Ryan Strome in neutral zone.
2:31 of 3rd period - Snap shot by David Pastrnak.
2:31 of 3rd period - Stopped by Robin Lehner with a rebound.
2:57 of 3rd period - Francois Beauchemin is hit by Connor Murphy and loses puck.
3:34 of 3rd period - Off-side.
3:35 of 3rd period - John Tavares wins face-off versus Andreas Athanasiou in neutral zone.
3:40 of 3rd period - Wrist shot by Mark Scheifele.
3:40 of 3rd period - Shot Misses the Net.
3:46 of 3rd period - Slapshot by Mark Scheifele.
3:46 of 3rd period - Shot Blocked by Andreas Athanasiou.
3:48 of 3rd period - Slapshot by John Carlson.
3:48 of 3rd period - Stopped by Robin Lehner with a rebound.
3:50 of 3rd period - Slapshot by John Carlson.
3:50 of 3rd period - Stopped by Robin Lehner with a rebound.
3:52 of 3rd period - Wrist shot by Mark Scheifele.
3:52 of 3rd period - Stopped by Robin Lehner without a rebound.
3:53 of 3rd period - Bryan Little wins face-off versus Brandon Dubinsky in Canadiens zone.
3:53 of 3rd period - Bryan Little is hit by Sam Gagner.
3:59 of 3rd period - Snap shot by Sam Gagner.
3:59 of 3rd period - Shot Blocked by Jake Muzzin.
4:09 of 3rd period - Snap shot by David Pastrnak.
4:09 of 3rd period - Shot Blocked by Jake Muzzin.
4:29 of 3rd period - Wrist shot by John Tavares.
4:29 of 3rd period - Stopped by Robin Lehner with a rebound.
4:31 of 3rd period - Snap shot by Mark Scheifele.
4:31 of 3rd period - Stopped by Robin Lehner with a rebound.
4:37 of 3rd period - Minor Penalty to Jake Muzzin for Holding.
4:38 of 3rd period - John Tavares wins face-off versus Ryan Strome in Canadiens zone.
5:43 of 3rd period - Snap shot by Ryan Strome.
5:43 of 3rd period - Deflect By Reilly Smith.
5:43 of 3rd period - Stopped by James Reimer without a rebound.
5:44 of 3rd period - John Tavares wins face-off versus Bryan Little in Red Wings zone.
6:22 of 3rd period - Snap shot by Reilly Smith.
6:22 of 3rd period - Stopped by James Reimer with a rebound.
6:37 of 3rd period - Penalty to Jake Muzzin is over, Jake Muzzin is back on ice.
7:18 of 3rd period - Wrist shot by Markus Hannikainen.
7:18 of 3rd period - Stopped by Robin Lehner with a rebound.
7:29 of 3rd period - Minor Penalty to Cedric Paquette for Hooking.
7:30 of 3rd period - Nick Bonino wins face-off versus MATHEW BARZAL in Red Wings zone.
7:30 of 3rd period - Nick Bonino is hit by MATHEW BARZAL.
8:27 of 3rd period - Brandon Dubinsky is hit by MATHEW BARZAL and loses puck.
8:56 of 3rd period - Jake Muzzin is hit by Dion Phaneuf and loses puck.
9:29 of 3rd period - Penalty to Cedric Paquette is over, Cedric Paquette is back on ice.
10:14 of 3rd period - Backhand shot by Patrick Marleau.
10:14 of 3rd period - Stopped by James Reimer without a rebound.
10:15 of 3rd period - Andreas Athanasiou wins face-off versus Nick Bonino in Red Wings zone.
10:26 of 3rd period - Snap shot by Antoine Roussel.
10:26 of 3rd period - Shot Blocked by John Carlson.
11:10 of 3rd period - Slapshot by Chris Kreider.
11:10 of 3rd period - Stopped by James Reimer without a rebound.
11:11 of 3rd period - Bryan Little wins face-off versus John Tavares in Red Wings zone.
11:34 of 3rd period - Slapshot by Antoine Roussel.
11:34 of 3rd period - Stopped by James Reimer without a rebound.
11:35 of 3rd period - Nick Bonino wins face-off versus Andreas Athanasiou in Red Wings zone.
12:30 of 3rd period - Snap shot by David Pastrnak.
12:30 of 3rd period - Shot Blocked by Bryan Little.
12:32 of 3rd period - Slapshot by Connor Murphy.
12:32 of 3rd period - Deflect By David Pastrnak.
12:32 of 3rd period - Shot Misses the Net.
12:32 of 3rd period - Puck is out of play.
12:33 of 3rd period - Bryan Little wins face-off versus Brandon Dubinsky in Canadiens zone.
13:56 of 3rd period - Snap shot by Antoine Roussel.
13:56 of 3rd period - Stopped by James Reimer with a rebound.
13:58 of 3rd period - Wrist shot by Francois Beauchemin.
13:58 of 3rd period - Shot Misses the Net.
14:00 of 3rd period - Wrist shot by Antoine Roussel.
14:00 of 3rd period - Shot Misses the Net.
14:16 of 3rd period - Slapshot by Sven Baertschi.
14:16 of 3rd period - Shot Misses the Net.
14:53 of 3rd period - Snap shot by Andreas Athanasiou.
14:53 of 3rd period - Deflect By Sven Baertschi.
14:53 of 3rd period - Stopped by James Reimer without a rebound.
14:54 of 3rd period - Brandon Dubinsky wins face-off versus MATHEW BARZAL in Red Wings zone.
15:05 of 3rd period - Snap shot by Patrick Marleau.
15:05 of 3rd period - Stopped by James Reimer without a rebound.
15:06 of 3rd period - Brandon Dubinsky wins face-off versus Ryan Strome in Red Wings zone.
15:06 of 3rd period - Brandon Dubinsky is hit by Nino Niederreiter.
15:18 of 3rd period - Snap shot by David Pastrnak.
15:18 of 3rd period - Stopped by Robin Lehner without a rebound.
15:19 of 3rd period - Ryan Strome wins face-off versus Brandon Dubinsky in Canadiens zone.
15:23 of 3rd period - Minor Penalty to Dion Phaneuf for Hooking.
15:24 of 3rd period - Nick Bonino wins face-off versus MATHEW BARZAL in Red Wings zone.
15:51 of 3rd period - Off-side.
15:52 of 3rd period - Patrick Marleau wins face-off versus Brandon Dubinsky in neutral zone.
16:52 of 3rd period - Slapshot by Jake Muzzin.
16:52 of 3rd period - Shot Misses the Net.
16:54 of 3rd period - Wrist shot by Patrick Marleau.
16:54 of 3rd period - Shot Blocked by John Carlson.
16:56 of 3rd period - Snap shot by Brent Seabrook.
16:56 of 3rd period - Shot Misses the Net.
16:58 of 3rd period - Snap shot by Brent Seabrook.
16:58 of 3rd period - Deflect By Patrick Marleau.
16:58 of 3rd period - Stopped by James Reimer with a rebound.
17:10 of 3rd period - Slapshot by Brent Seabrook.
17:10 of 3rd period - Shot Blocked by Ben Hutton.
17:12 of 3rd period - Slapshot by Mitchell Marner.
17:12 of 3rd period - Goal by Mitchell Marner - Red Wings : 2 - Canadiens : 3.
17:13 of 3rd period - John Tavares wins face-off versus Andreas Athanasiou in neutral zone.
17:30 of 3rd period - Snap shot by John Tavares.
17:30 of 3rd period - Stopped by Robin Lehner without a rebound.
17:31 of 3rd period - Nick Bonino wins face-off versus MATHEW BARZAL in Canadiens zone.
17:56 of 3rd period - Mark Scheifele is hit by Andreas Athanasiou and loses puck.
18:01 of 3rd period - Slapshot by Andreas Athanasiou.
18:01 of 3rd period - Stopped by James Reimer with a rebound.
18:03 of 3rd period - Slapshot by Jake Muzzin.
18:03 of 3rd period - Deflect By John Tavares.
18:03 of 3rd period - Stopped by James Reimer with a rebound.
18:05 of 3rd period - Snap shot by Sven Baertschi.
18:05 of 3rd period - Stopped by James Reimer without a rebound.
18:06 of 3rd period - Ryan Strome wins face-off versus John Tavares in Red Wings zone.
18:20 of 3rd period - Wrist shot by Max Pacioretty.
18:20 of 3rd period - Goal by Max Pacioretty - Red Wings : 2 - Canadiens : 4.
18:21 of 3rd period - Nino Niederreiter wins face-off versus Nick Bonino in neutral zone.
18:24 of 3rd period - Dion Phaneuf is hit by Nino Niederreiter and loses puck.
19:07 of 3rd period - Paul Martin is hit by Jake Muzzin and loses puck.
19:18 of 3rd period - Bryan Little is hit by Lukas Sedlak and loses puck.
19:27 of 3rd period - Brent Seabrook is hit by Brandon Dubinsky and loses puck.
19:43 of 3rd period - Snap shot by Chris Kreider.
19:43 of 3rd period - Stopped by James Reimer without a rebound.
19:44 of 3rd period - Tomas Tatar wins face-off versus Reilly Smith in Red Wings zone.
Goals for this period are 0 for Red Wings vs 3 for Canadiens.
Shots for this period are 9 for Red Wings vs 19 for Canadiens.